 Dungeon Crawl Stone Soup version 0.24-a0-317-g5cb8de4 (webtiles) character file.

Game seed: 4097515759209554287

18 suvakkihuora the Sneak (level 2, -1/23 HPs)
             Began as a Formicid Assassin on May 16, 2019.
             Slain by an orc wizard
             ... wielding a +0 dagger
              (4 damage)
             ... on level 5 of the Dungeon.
             The game lasted 00:01:14 (384 turns).

suvakkihuora the Sneak (Formicid Assassin)           Turns: 384, Time: 00:01:16

Health: -1/23      AC:  3    Str: 20    XL:     2   Next: 85%
Magic:  2/2        EV: 11    Int: 10    God:
Gold:   27         SH:  0    Dex: 12    Spells: 1/1 levels left

rFire    . . .     SeeInvis +   a - +2 dagger
rCold    . . .     Gourm    .   (no shield)
rNeg     . . .     Faith    .   b - +0 robe
rPois    .         Spirit   .   (helmet unavailable)
rElec    .         Reflect  .   c - +0 cloak
rCorr    .         Harm     .   (no gloves)
MR       .....                  (no boots)
Stlth    +++.......             (no amulet)
HPRegen  0.07/turn              (no ring)
MPRegen  0.08/turn              (no ring)

@: mighty
A: permanent stasis, dig shafts and tunnels, four strong arms, antennae 3
a: Dig, Shaft Self


You were on level 5 of the Dungeon.
You were not hungry.

You visited 1 branch of the dungeon, and saw 5 of its levels.

You collected 27 gold pieces.

Inventory:

Hand Weapons
 a - a +2 dagger (weapon)
Missiles
 d - 8 poisoned darts (quivered)
 e - 2 curare-tipped darts
Armour
 b - a +0 robe (worn)
 c - a +0 cloak (worn)
Scrolls
 g - a scroll of remove curse
 j - a scroll of fog {unknown}
Comestibles
 f - 2 rations
 i - 3 chunks of flesh


   Skills:
 + Level 2.4 Fighting
 + Level 2.2 Short Blades
 + Level 2.2 Throwing
 - Level 0.8 Dodging
 * Level 5.4 Stealth


You had one spell level left.
You didn't know any spells.
Your spell library was empty.

Dungeon Overview and Level Annotations

Branches:
Dungeon (5/15)
 Temple: D:4-7

Altars:
Fedhas

Annotations:
D:5 Eustachio


Innate Abilities, Weirdness & Mutations

You cannot be hasted, slowed, berserked, paralysed or teleported.
You can dig through walls and to a lower floor.
Your four strong arms can wield two-handed weapons with a shield.
You have a pair of large antennae on your head. (SInv)


Message History

The orc wizard completely misses you.
It was a potion of might.
You feel very mighty all of a sudden.
A worker ant zombie comes into view.
The orc barely misses you.
The orc wizard mumbles some strange words.
The orc wizard seems to speed up.
The orc priest hits you with a cursed +0 short sword.
You barely miss the orc priest.
The orc priest is lightly wounded.
The orc wizard closely misses you. The orc barely misses you.
The orc priest hits you with a cursed +0 short sword.
* * * LOW HITPOINT WARNING * * *
You puncture the orc priest!
The orc priest is severely wounded.
The orc wizard hits you with a +0 dagger.
* * * LOW HITPOINT WARNING * * *
The orc priest closely misses you.
The orc wizard hits you with a +0 dagger.
You die...

#........+
#........#
#..Z.....#
#........#
#.....%..#
#........#
#...oo...+
+...@o...#
#........#
#........#
#........#
#........#
#........#
#........#
#........+
#........#
{


You could see an orc priest, an orc wizard, an orc and a worker ant zombie.

Vanquished Creatures
  An adder (D:3)
  A dart slug (D:2)
  A leopard gecko (D:5)
  An orc (D:5)
  A frilled lizard (D:2)
  A rat (D:2)
6 creatures vanquished.

Notes
Turn   | Place    | Note
-------+----------+-------------------------------------------
     0 | D:1      | suvakkihuora the Formicid Assassin began the quest for the
                  | Orb.
     0 | D:1      | Reached XP level 1. HP: 16/16 MP: 1/1
     4 | D:1      | You fall through a shaft!
    10 | D:2      | Reached skill level 5 in Stealth
    48 | D:2      | You fall through a shaft!
    67 | D:3      | Reached XP level 2. HP: 13/23 MP: 2/2
   209 | D:3      | You fall through a shaft for 2 floors!
   209 | D:5      | Entered Level 5 of the Dungeon
   330 | D:5      | Found a blossoming altar of Fedhas.
   350 | D:5      | Noticed Eustachio
   384 | D:5      | Slain by an orc wizard

Levels and vault maps discovered:
D:1:      minmay_arrival_wavy_path, layout_basic, chequers_serial_rivers_room_b
D:2:      layout_basic, first_ration, chequers_ecumenical_altar_simple
D:3:      layout_loops_ring, uniq_jessica
D:4:      layout_basic, minmay_temple_entry_antechambers, enter_ossuary_5,
          serial_shops, shop_statue
D:5:      layout_gridville, basic_altar, cheibrodos_sewer_entry_sluice,
          uniq_eustachio

Skill      XL: |  1 |
---------------+----+-----
Stealth        | 5 |  5.4
Fighting       | |  2.4
Short Blades   | |  2.2
Throwing       | |  2.2
Dodging        | |  0.8

Action                   || total
-------------------------++-------
Melee: Dagger            ||    25
Throw: Dart              ||     5
 Abil: Shaft Self        ||     3
       Dig               ||     1
  Use: Scroll            ||     2
       Potion            ||     1
 Stab: Sleeping          ||     1
Armor: Robe              ||     5
Dodge: Dodged            ||    12

Table legend:
 A = Non-vault XP
 B = Vault XP
 C = Vault XP percentage of total XP
 D = Non-vault monster count
 E = Vault monster count
 F = Vault count percentage of total count
                 A         B        C        D         E       F
            +---------+---------+-------+---------+---------+-------
      Total |      26 |       0 |   0.0 |       6 |       0 |   0.0
            +---------+---------+-------+---------+---------+-------
        D:2 |       6 |       0 |   0.0 |       3 |       0 |   0.0
        D:3 |      14 |       0 |   0.0 |       1 |       0 |   0.0
        D:5 |       6 |       0 |   0.0 |       2 |       0 |   0.0
            +---------+---------+-------+---------+---------+-------
